[Event "Titled Tuesday Blitz February 14 Early 2023"]
[White "Gharamian, Tigran"]
[Black "Aarav Dengla"]
[WhiteFideId "13301527"]
[BlackFideId "45059756"]
[WhiteElo "2601"]
[BlackElo "2343"]
[Result "1-0"]
[Round "07"]
[TimeControl "180+2"]
[Date "2023.02.15"]
[WhiteClock "0:00:13"]
[BlackClock "0:00:06"]

1. d4 d5 2. c4 e6 3. Nc3 a6 4. cxd5 exd5 5. Nf3 h6 6. Bf4 Nf6 7. e3 Bd6 8. Bxd6 Qxd6 9. Bd3 O-O 10. h3 Nc6 11. O-O Ne7 12. Ne5 c5 13. Rc1 b5 14. Qe2 b4 15. Na4 c4 16. Bb1 a5 17. Nc5 Ba6 18. Nxa6 Rxa6 19. f4 Rc8 20. g4 Nd7 21. g5 hxg5 22. Qh5 Nxe5 23. Bh7+ Kf8 24. fxe5 Qe6 25. Rf3 Rc7 26. Rcf1 Ng6 27. Qxg5 Ne7 28. Bf5 Nxf5 29. Qd8+ Qe8 30. Qxc7 g6 31. Qc5+ Kg7 32. Qxd5 Qe6 33. Qe4 Qe7 34. d5 Qg5+ 35. Qg4 Qxg4+ 36. hxg4 Ne7 37. Rxf7+ Kh6 38. Rxe7 Kg5 39. d6 Kxg4 40. d7 Ra8 41. Re8 Kg3 42. d8=Q c3 43. Qg5+ 1-0


[Site "https://www.chess.com"]

[Event "Titled Tuesday Blitz February 14 Early 2023"]
[White "Andreev, Konstantin"]
[Black "Rose, Felix"]
[WhiteFideId "24239305"]
[BlackFideId "5105722"]
[WhiteElo "2195"]
[BlackElo "2091"]
[Result "1-0"]
[Round "07"]
[TimeControl "180+2"]
[Date "2023.02.15"]
[WhiteClock "0:01:00"]
[BlackClock "0:00:12"]

1. e4 e5 2. Nf3 Nc6 3. Bc4 Nf6 4. d4 exd4 5. e5 d5 6. Bb5 Ne4 7. Nxd4 Bc5 8. Bxc6+ bxc6 9. O-O O-O 10. Be3 Qe8 11. f3 Nf6 12. f4 Ne4 13. Nd2 f5 14. Nxe4 fxe4 15. c3 a5 16. Kh1 Kh8 17. Qd2 Ba6 18. Rg1 a4 19. g4 g5 20. fxg5 Qxe5 21. Nxc6 Bxe3 22. Qxe3 Qg7 23. Nd4 Rae8 24. Nf5 Qe5 25. Rad1 c5 26. Rg2 d4 27. cxd4 cxd4 28. Rxd4 Bb7 29. Rgd2 Rxf5 30. gxf5 Qxf5 31. Kg2 Rf8 32. Rd1 Qg4+ 33. Kh1 Rf3 34. Rd8+ Kg7 35. Qd4+ Kg6 36. Qd6+ Kxg5 37. Rg8+ Kh5 38. Rxg4 Kxg4 39. Qd7+ 1-0


[Site "https://www.chess.com"]

[Event "Titled Tuesday Blitz February 14 Early 2023"]
[White "Colijn, Stefan"]
[Black "Goncalves, Davi Sulzbacher"]
[WhiteFideId "1016199"]
[BlackFideId "2154510"]
[WhiteElo "2293"]
[BlackElo "2282"]
[Result "0-1"]
[Round "07"]
[TimeControl "180+2"]
[Date "2023.02.15"]
[WhiteClock "0:00:01"]
[BlackClock "0:00:04"]

1. d4 Nf6 2. Nc3 d5 3. Bf4 Bf5 4. f3 c6 5. g4 Bg6 6. h4 h6 7. e3 b5 8. Bd3 Bxd3 9. Qxd3 e6 10. Nge2 b4 11. Na4 Qa5 12. b3 Nbd7 13. e4 dxe4 14. fxe4 e5 15. dxe5 Nxg4 16. O-O-O Ngxe5 17. Qg3 g6 18. Nd4 Bg7 19. Nf5 Bf6 20. Nd6+ Ke7 21. h5 g5 22. Nf5+ Kf8 23. Be3 Kg8 24. Rd6 Kh7 25. Rhd1 Rad8 26. Bd4 Rhe8 27. Rxf6 Nxf6 28. Nc5 Qxa2 29. Bxe5 Rxd1+ 30. Kxd1 Qb1+ 31. Kd2 Nxh5 32. Qd3 Rxe5 33. Nd6 Nf4 34. Qd4 f6 35. Nd7 Re6 36. Nxf6+ Kg6 37. Nfe8 Qf1 38. Qg7+ Kh5 39. Nf5 Qf2+ 40. Kc1 Qe1+ 41. Kb2 Rxe4 42. Qxh6+ Kg4 43. Nfd6 Rxe8 44. Nxe8 Qxe8 45. Qf6 Qe6 46. Qd4 a5 47. Qc5 Qd5 48. Qg1+ Kf5 49. Qa7 g4 50. Qh7+ Ke5 51. Qe7+ Kf5 52. Qf8+ Kg5 53. Qe7+ Kh5 54. Qh7+ Kg5 55. Qe7+ Kg6 56. Qe8+ Qf7 57. Qe4+ Qf5 58. Qh1 g3 59. Ka2 g2 60. Qg1 Qxc2+ 61. Ka1 Qc3+ 62. Ka2 Qd2+ 63. Ka1 Kg5 64. Qc5+ Kg4 65. Qg1 Kg3 66. Qb1 Qc3+ 0-1


[Site "https://www.chess.com"]

[Event "Titled Tuesday Blitz February 14 Early 2023"]
[White "Fernandez Garcia, Gumersindo"]
[Black "Schut, Han"]
[WhiteFideId "24516740"]
[BlackFideId "1005561"]
[WhiteElo "2160"]
[BlackElo "2101"]
[Result "1-0"]
[Round "07"]
[TimeControl "180+2"]
[Date "2023.02.15"]
[WhiteClock "0:00:17"]
[BlackClock "0:00:12"]

1. e4 c5 2. Nf3 d6 3. d4 cxd4 4. Nxd4 Nf6 5. Nc3 a6 6. Be2 e5 7. Nb3 Be6 8. O-O Nbd7 9. a4 Be7 10. a5 Qc7 11. Be3 Qc6 12. Bf3 O-O 13. Qd2 Rfd8 14. Rfd1 Bxb3 15. cxb3 Nc5 16. Nd5 Kf8 17. Bxc5 dxc5 18. Rac1 Nxd5 19. exd5 Qd6 20. Qe3 f5 21. g3 h6 22. Bg2 Bg5 23. f4 exf4 24. Qxc5 fxg3 25. Qxd6+ Rxd6 26. Rc7 gxh2+ 27. Kxh2 Rxd5 28. Rxd5 Bf4+ 29. Kh3 Bxc7 30. Rxf5+ Ke7 31. Bxb7 Ra7 32. Bd5 g5 33. Bc4 Kd6 34. Rf6+ Ke5 35. Rxh6 Bxa5 36. Kg4 Bd2 37. Bxa6 Bc1 38. Bc4 Bxb2 39. Re6+ Kd4 40. Kxg5 Ba3 41. Kf5 Kc3 42. Re3+ Kb4 43. Re5 Ra5 44. Bd5 Bb2 45. Re4+ Ka3 46. Ke6 Ra6+ 47. Kd7 Rb6 48. Ra4# 1-0


[Site "https://www.chess.com"]

[Event "Titled Tuesday Blitz February 14 Early 2023"]
[White "Chernov, Mikhail"]
[Black "Hrabinska, Myroslava"]
[WhiteFideId "24143170"]
[BlackFideId "14109190"]
[WhiteElo "2205"]
[BlackElo "2210"]
[Result "1-0"]
[Round "07"]
[TimeControl "180+2"]
[Date "2023.02.15"]
[WhiteClock "0:00:11"]
[BlackClock "0:00:01"]

1. e4 c5 2. Nf3 e6 3. d4 cxd4 4. Nxd4 a6 5. Be2 Qc7 6. O-O Nc6 7. Be3 Nf6 8. Nc3 b5 9. Nxc6 dxc6 10. f4 e5 11. fxe5 Qxe5 12. Kh1 Bc5 13. Bf4 Qd4 14. Bd3 O-O 15. Qe1 Ng4 16. Bg3 Ne5 17. Ne2 Qd6 18. Qc3 f6 19. Rad1 Qe7 20. a3 Bg4 21. h3 Bxe2 22. Bxe2 Rad8 23. Kh2 Bb6 24. a4 Kh8 25. axb5 axb5 26. Qb3 Bd4 27. c3 Bc5 28. Qc2 Rxd1 29. Rxd1 Rd8 30. b4 Bb6 31. Rd2 1-0


[Site "https://www.chess.com"]

[Event "Titled Tuesday Blitz February 14 Early 2023"]
[White "Lauridsen, Jesper Morch"]
[Black "Zacurdajev, Dmitry"]
[WhiteFideId "1401890"]
[BlackFideId "4196309"]
[WhiteElo "2309"]
[BlackElo "2273"]
[Result "1/2-1/2"]
[Round "07"]
[TimeControl "180+2"]
[Date "2023.02.15"]
[WhiteClock "0:00:13"]
[BlackClock "0:01:33"]

1. e4 c6 2. d4 d5 3. exd5 cxd5 4. c4 Nf6 5. Nc3 g6 6. Nf3 Bg7 7. cxd5 O-O 8. h3 Nxd5 9. Bc4 Nxc3 10. bxc3 Qc7 11. Qb3 Nc6 12. Bd3 Be6 13. Qc2 Rac8 14. O-O Nxd4 15. Nxd4 Bxd4 16. cxd4 Qxc2 17. Bxc2 Rxc2 18. Bh6 Rd8 19. a4 Rxd4 20. Be3 Rb4 21. Bxa7 Rbb2 22. a5 Bc4 23. Rfc1 f6 24. Rxc2 Rxc2 25. Be3 Kf7 26. Rc1 Rxc1+ 27. Bxc1 e5 28. f3 Ke6 29. Be3 Kd5 30. Kf2 f5 31. Bb6 h5 32. g4 e4 33. gxh5 gxh5 34. f4 Bb3 35. h4 Kc4 36. Ke3 Kc3 37. Bc5 Kc2 38. Bb4 Bc4 39. Bd2 Kb3 40. Be1 Ka4 41. Bd2 Kb3 42. Be1 Kc2 43. Bb4 Kd1 44. Bc3 Bf1 45. Bb4 1/2-1/2


[Site "https://www.chess.com"]

[Event "Titled Tuesday Blitz February 14 Early 2023"]
[White "Mendez Machado, Andre"]
[Black "Forgacs, Attila Jr."]
[WhiteFideId "6603793"]
[BlackFideId "773654"]
[WhiteElo "1974"]
[BlackElo "2264"]
[Result "0-1"]
[Round "07"]
[TimeControl "180+2"]
[Date "2023.02.15"]
[WhiteClock "0:00:08"]
[BlackClock "0:00:09"]

1. e4 e5 2. Nf3 Nc6 3. Bc4 Nf6 4. Ng5 d5 5. exd5 Na5 6. Bb5+ c6 7. dxc6 bxc6 8. Bd3 Nd5 9. Nf3 Bd6 10. O-O Nf4 11. Be2 Nxg2 12. Kxg2 e4 13. Ng1 Qh4 14. f4 exf3+ 15. Nxf3 Qh3+ 16. Kh1 Bg4 17. Rf2 O-O 18. Qf1 Qh5 19. Nc3 Rae8 20. Ng1 f5 21. d3 g5 22. Bxg4 fxg4 23. Rxf8+ Rxf8 24. Qg2 Qh4 25. Be3 Bf4 26. Bxf4 gxf4 27. Nf3 Qh5 28. Nd4 f3 29. Qg3 c5 30. Ne6 Rf6 31. Nf4 Qf5 32. Ncd5 Rd6 33. Rg1 Rxd5 34. Nxd5 Qxd5 35. Qxg4+ Kf8 36. Qg7+ Ke8 37. Qg8+ Qxg8 38. Rxg8+ Kf7 39. Ra8 Nc6 40. Kg1 Kf6 41. Kf2 Ke5 42. Kxf3 Nd4+ 43. Kf2 Nxc2 44. Rxa7 Nb4 45. Rxh7 Nxd3+ 46. Ke3 Nxb2 47. Rh5+ Kd6 48. Rh6+ Kd5 49. h4 Nc4+ 50. Kd3 Ne5+ 51. Kc3 Ng4 52. Rh5+ Kd6 53. Rg5 Ne3 54. h5 Nd1+ 55. Kd2 Nf2 56. h6 Ne4+ 57. Ke3 Nxg5 58. Kf4 Nh7 59. Kf5 c4 60. Kg6 c3 61. Kxh7 c2 62. Kg7 c1=Q 63. h7 Qg5+ 64. Kf8 Qf6+ 65. Kg8 Qg6+ 66. Kh8 Qf7 67. a4 Qf8# 0-1


[Site "https://www.chess.com"]

[Event "Titled Tuesday Blitz February 14 Early 2023"]
[White "Jiganchine, Roman"]
[Black "Rodriguez Fontecha, Marcos"]
[WhiteFideId "2603667"]
[BlackFideId "2256576"]
[WhiteElo "2205"]
[BlackElo "2309"]
[Result "0-1"]
[Round "07"]
[TimeControl "180+2"]
[Date "2023.02.15"]
[WhiteClock "0:00:03"]
[BlackClock "0:00:03"]

1. e4 e6 2. d4 c5 3. c3 b6 4. Bd3 Bb7 5. Nf3 Nf6 6. Nbd2 Be7 7. O-O d5 8. e5 Ne4 9. Re1 Nxd2 10. Bxd2 Nc6 11. a3 Qc7 12. Rc1 c4 13. Bc2 O-O-O 14. Ng5 Rdf8 15. Qg4 Kb8 16. f4 h6 17. Nf3 g6 18. Be3 h5 19. Qg3 h4 20. Qg4 Rh5 21. h3 Rfh8 22. Nh2 Bf8 23. Nf3 Ne7 24. Ng5 Nf5 25. Bf2 Bc8 26. Qf3 Bh6 27. b3 Bxg5 28. fxg5 Rxg5 29. bxc4 dxc4 30. Be4 Bb7 31. d5 exd5 32. Bxd5 Rd8 33. Rcd1 Rxd5 34. Rxd5 Ne7 35. Qe3 Rxg2+ 36. Kxg2 Nxd5 37. Qh6 Qe7 38. e6 Nf4+ 39. Kg1 Nxe6 40. Qh8+ Bc8 41. Bxh4 Qc5+ 42. Bf2 Qg5+ 43. Kf1 Nf4 44. Qe5+ Qxe5 45. Rxe5 Nxh3 46. Bg3 Ka8 47. Re8 Kb7 48. Re7+ Ka6 49. Rxf7 Ng5 50. Rf6 Ne4 51. Rxg6 Nxc3 52. Be1 Nb1 53. Rc6 Bd7 54. Rc7 Bb5 55. Bb4 c3+ 56. Ke1 c2 57. Rxc2 Bd3 58. Rb2 Bf5 0-1


[Site "https://www.chess.com"]

[Event "Titled Tuesday Blitz February 14 Early 2023"]
[White "Delorme, Axel"]
[Black "Korpics, Zsolt"]
[WhiteFideId "632023"]
[BlackFideId "705241"]
[WhiteElo "2483"]
[BlackElo "2300"]
[Result "1-0"]
[Round "07"]
[TimeControl "180+2"]
[Date "2023.02.15"]
[WhiteClock "0:00:11"]
[BlackClock "0:00:01"]

1. e4 c5 2. Nf3 e6 3. b3 b6 4. d4 cxd4 5. Nxd4 Bb7 6. Bd3 Nc6 7. Bb2 Nf6 8. Nd2 Be7 9. O-O d6 10. c4 O-O 11. Re1 Nd7 12. Nxc6 Bxc6 13. Nf3 Bf6 14. Qc2 Ne5 15. Nxe5 Bxe5 16. Rad1 Qf6 17. Bxe5 dxe5 18. Qe2 Rad8 19. Bc2 Rd4 20. Rd2 Rfd8 21. Red1 Qg5 22. Rd3 Bxe4 23. Qxe4 f5 24. Qe2 Kf7 25. Rxd4 exd4 26. g3 Qf6 27. Re1 Qh6 28. Bxf5 Re8 29. Bd3 Qf6 30. Qe4 e5 31. Qxh7 Ke6 32. Qe4 Rf8 33. f4 Kd7 34. Qxe5 Qf7 35. Qxd4+ Kc8 36. Be4 Rd8 37. Qe5 Qd7 38. Bf5 1-0


[Site "https://www.chess.com"]

[Event "Titled Tuesday Blitz February 14 Early 2023"]
[White "Sarkar, Justin"]
[Black "Meera, Sai"]
[WhiteFideId "2010011"]
[BlackFideId "5004357"]
[WhiteElo "2309"]
[BlackElo "2064"]
[Result "1-0"]
[Round "07"]
[TimeControl "180+2"]
[Date "2023.02.15"]
[WhiteClock "0:00:03"]
[BlackClock "0:01:15"]

1. d4 Nf6 2. c4 e6 3. Nc3 Bb4 4. e3 O-O 5. a3 Bxc3+ 6. bxc3 c5 7. Bd3 d6 8. Nf3 Nc6 9. e4 e5 10. d5 Ne7 11. O-O Ng6 12. Ra2 Nh5 13. g3 Bh3 14. Re1 Qd7 15. Ng5 h6 16. Nxh3 Qxh3 17. Bf1 Qd7 18. Qxh5 Kh7 19. Bh3 Qe7 20. Bf5 Kg8 21. Bxg6 fxg6 22. Qxg6 Rf6 23. Qg4 Raf8 24. h4 Qf7 25. Be3 Kh8 26. Kg2 h5 27. Qh3 Qg6 28. Bg5 Rf3 29. Qe6 Kh7 30. Qxg6+ Kxg6 31. Re3 R3f7 32. f4 b6 33. fxe5 dxe5 34. d6 Rd7 35. Be7 Rc8 36. Rf2 a6 37. Rf5 b5 38. Ref3 bxc4 39. Rg5+ Kh6 40. Rxe5 Rb8 41. Re6+ Kh7 42. Rf5 Rb2+ 43. Kh3 Rdb7 44. Rxh5+ Kg8 45. Rxc5 Re2 46. Rc7 Rbb2 47. d7 Rh2+ 48. Kg4 Kh7 49. d8=Q Rbf2 50. Bf6 Rf4+ 51. Kxf4 Kh6 52. Bg5+ Kh5 53. Rh6+ gxh6 54. Qe8# 1-0


[Site "https://www.chess.com"]

[Event "Titled Tuesday Blitz February 14 Early 2023"]
[White "Valle Maytin, Luis Enrique"]
[Black "Clawitter, Craig"]
[WhiteFideId "3503666"]
[BlackFideId "2023105"]
[WhiteElo "2241"]
[BlackElo "2050"]
[Result "1-0"]
[Round "07"]
[TimeControl "180+2"]
[Date "2023.02.15"]
[WhiteClock "0:00:04"]
[BlackClock "0:00:01"]

1. e4 e6 2. d4 d5 3. exd5 exd5 4. Nf3 Bd6 5. Bd3 Nc6 6. Qe2+ Nge7 7. O-O Bg4 8. c3 Qd7 9. h3 Bh5 10. Nbd2 O-O-O 11. Bb5 f6 12. b4 Ng6 13. Nb3 Nh4 14. Nbd2 Kb8 15. Qd3 Ng6 16. Nb3 Rde8 17. a4 Nf4 18. Bxf4 Bxf4 19. Nc5 Qd6 20. a5 g5 21. a6 b6 22. Bxc6 Qxc6 23. Na4 Bg6 24. Qd1 h5 25. g3 g4 26. Nh4 Be4 27. gxf4 gxh3 28. f3 Rhg8+ 29. Kh2 Qe6 30. Rg1 Rxg1 31. Qxg1 Bf5 32. Qf2 Rg8 33. Rg1 Rxg1 34. Kxg1 Qc6 35. Nb2 1-0


[Site "https://www.chess.com"]

[Event "Titled Tuesday Blitz February 14 Early 2023"]
[White "Ardila, Oscar Humberto"]
[Black "Silvestre, Christian"]
[WhiteFideId "4404742"]
[BlackFideId "30956269"]
[WhiteElo "1982"]
[BlackElo "1942"]
[Result "0-1"]
[Round "07"]
[TimeControl "180+2"]
[Date "2023.02.15"]
[WhiteClock "0:00:09"]
[BlackClock "0:00:49"]

1. d4 e5 2. dxe5 Nc6 3. Nf3 Nge7 4. Nbd2 Ng6 5. e3 Ncxe5 6. Be2 d5 7. O-O Bd6 8. b3 Qf6 9. Rb1 Nh4 10. Bb2 Nexf3+ 11. Nxf3 Nxf3+ 12. Bxf3 Qh6 13. g3 c6 14. Qd4 O-O 15. Bg2 Bf5 16. Qd2 a5 17. a4 Bb4 18. Bc3 Be7 19. Rbc1 Ba3 20. Ra1 Be7 21. Bxa5 Bxc2 22. Qxc2 Rxa5 23. Qc3 Raa8 24. Rad1 Qe6 25. Rfe1 f5 26. Qd4 Bf6 27. Qb4 Rf7 28. Bh3 Qe5 29. Qf4 g6 30. Qb4 Qb2 31. Rf1 Bc3 32. Qb6 Ba5 33. Qd4 Qxb3 34. Rb1 Qc3 35. Qxc3 Bxc3 36. Rb3 Ba5 37. Rfb1 Ra7 38. Bf1 Kf8 39. Kg2 Ke8 40. Kf3 Kd8 41. h4 Kc7 42. Kf4 Kd6 43. Kg5 Bd8+ 44. Kf4 h6 45. Bd3 Rxa4+ 46. Kf3 b5 47. Rd1 g5 48. hxg5 hxg5 49. Rh1 f4 50. Rh6+ Rf6 51. Rxf6+ Bxf6 52. exf4 gxf4 53. gxf4 b4 54. Kg4 Ra3 55. Bc2 Rxb3 56. Bxb3 c5 57. Kf5 Bd4 58. f3 c4 59. Bc2 b3 60. Bb1 c3 61. Kg6 c2 62. Bxc2 bxc2 63. f5 c1=Q 64. f6 0-1


[Site "https://www.chess.com"]

[Event "Titled Tuesday Blitz February 14 Early 2023"]
[White "Lorenzo De La Riva, Lazaro"]
[Black "SicilianPanzer"]
[WhiteFideId "2268809"]
[WhiteElo "2404"]
[BlackElo "2240"]
[Result "1-0"]
[Round "07"]
[TimeControl "180+2"]
[Date "2023.02.15"]
[WhiteClock "0:00:09"]
[BlackClock "0:00:01"]

1. d4 Nf6 2. Nd2 g6 3. e4 d6 4. Bd3 Bg7 5. Ngf3 O-O 6. O-O Nbd7 7. Re1 e5 8. c3 b6 9. h3 Bb7 10. a4 a5 11. b3 Re8 12. Bb2 d5 13. exd5 Nxd5 14. c4 Nf4 15. Be4 Bxe4 16. Nxe4 f5 17. Ng3 e4 18. Nh2 h5 19. Qc2 h4 20. Ne2 Nd3 21. Red1 Nxb2 22. Qxb2 Qg5 23. Qc1 e3 24. f4 Qh5 25. Nf3 Nf6 26. Qc2 Ne4 27. Ne5 Rad8 28. Rd3 c5 29. dxc5 Rxd3 30. Qxd3 Nxc5 31. Qxe3 g5 32. Qd2 gxf4 33. Qd5+ Kh7 34. Nxf4 Qg5 35. Neg6 Qg3 36. Rf1 Ne4 37. Qd3 Qg5 38. Qf3 Ng3 39. Rd1 Qf6 40. Kh2 Qb2 41. Nxh4 1-0


[Site "https://www.chess.com"]

[Event "Titled Tuesday Blitz February 14 Early 2023"]
[White "Smietanska, Wiktoria"]
[Black "Wu, Sibo"]
[WhiteFideId "21869359"]
[BlackFideId "8606048"]
[WhiteElo "1936"]
[BlackElo "2082"]
[Result "1-0"]
[Round "07"]
[TimeControl "180+2"]
[Date "2023.02.15"]
[WhiteClock "0:00:57"]
[BlackClock "0:00:15"]

1. c4 c6 2. Nf3 d5 3. e3 Nf6 4. Nc3 g6 5. b3 Bg7 6. Bb2 O-O 7. Be2 Re8 8. d4 Bf5 9. O-O Nbd7 10. Nh4 Ne4 11. Nxf5 gxf5 12. f3 Nxc3 13. Bxc3 e6 14. Bd3 Qg5 15. Qe2 c5 16. cxd5 exd5 17. f4 Qe7 18. Bxf5 cxd4 19. Bxd4 Bxd4 20. Qg4+ Bg7 21. Bxd7 Red8 22. Bf5 Qxe3+ 23. Kh1 Kh8 24. Qh5 h6 25. Qxf7 Rd6 26. Rae1 d4 27. Rxe3 dxe3 28. Qe7 Rf6 29. Bd3 Raf8 30. Qe4 1-0


[Site "https://www.chess.com"]

[Event "Titled Tuesday Blitz February 14 Early 2023"]
[White "Zaksaite, Salomeja"]
[Black "Kulkarni, Vikramaditya"]
[WhiteFideId "12801496"]
[BlackFideId "5009847"]
[WhiteElo "2283"]
[BlackElo "2251"]
[Result "1/2-1/2"]
[Round "07"]
[TimeControl "180+2"]
[Date "2023.02.15"]
[WhiteClock "0:00:31"]
[BlackClock "0:01:30"]

1. e4 d6 2. d4 Nf6 3. Nc3 e5 4. Nf3 Nbd7 5. Rg1 Be7 6. g4 g6 7. g5 Nh5 8. Bc4 O-O 9. Be3 c6 10. d5 b5 11. dxc6 bxc4 12. cxd7 Bxd7 13. Nd5 Rb8 14. b3 Be6 15. bxc4 f5 16. gxf6 Bxf6 17. Ng5 Bxd5 18. Qxd5+ Kh8 19. Ne6 Qe7 20. Nxf8 Rxf8 21. O-O-O 1/2-1/2


[Site "https://www.chess.com"]

[Event "Titled Tuesday Blitz February 14 Early 2023"]
[White "De Souza, Cristiano Gomes"]
[Black "Kielinkei"]
[WhiteFideId "2151758"]
[WhiteElo "2018"]
[BlackElo "2360"]
[Result "1-0"]
[Round "07"]
[TimeControl "180+2"]
[Date "2023.02.15"]
[WhiteClock "0:00:10"]
[BlackClock "0:00:02"]

1. d4 f5 2. c4 Nf6 3. Nf3 g6 4. Nc3 Bg7 5. g3 O-O 6. Bg2 d6 7. O-O c6 8. b3 Na6 9. Ba3 Re8 10. Qc2 Qa5 11. Bb2 e5 12. dxe5 dxe5 13. a3 e4 14. Ng5 h6 15. Nh3 Qc7 16. Rad1 Nc5 17. b4 Ne6 18. e3 Bd7 19. Rd2 Rad8 20. Rfd1 Bc8 21. Ne2 Rxd2 22. Rxd2 Rd8 23. Nhf4 g5 24. Nxe6 Bxe6 25. Nd4 Bc8 26. Bf1 f4 27. exf4 gxf4 28. Ne2 fxg3 29. Nxg3 Re8 30. Re2 Bg4 31. Re3 Bf3 32. Bg2 Ng4 33. Re1 Bxg2 34. Kxg2 Bxb2 35. Qxb2 Rf8 36. Re2 Qf4 37. Qd2 Qf3+ 38. Kg1 e3 39. fxe3 h5 40. Qe1 h4 41. Nh5 Ne5 42. Rg2+ Kh8 43. Nf4 Ng4 44. Qe2 Qxe2 45. Rxe2 Re8 46. Ng6+ Kg7 47. Nxh4 1-0


[Site "https://www.chess.com"]

[Event "Titled Tuesday Blitz February 14 Early 2023"]
[White "Harriott, Tyrell"]
[Black "Lesbekova, Assel"]
[WhiteFideId "2086484"]
[BlackFideId "13713248"]
[WhiteElo "1889"]
[BlackElo "1772"]
[Result "0-1"]
[Round "07"]
[TimeControl "180+2"]
[Date "2023.02.15"]
[WhiteClock "0:00:31"]
[BlackClock "0:00:42"]

1. d4 f5 2. e3 d6 3. Bd3 Nf6 4. f4 g6 5. Nf3 Bg7 6. O-O O-O 7. Nbd2 Qe8 8. e4 fxe4 9. Nxe4 Nbd7 10. Neg5 e5 11. fxe5 dxe5 12. Bc4+ Kh8 13. dxe5 Nxe5 14. Nxe5 Qxe5 15. Nf7+ Rxf7 16. Bxf7 Bg4 17. Qe1 Qc5+ 18. Qf2 Qh5 19. Qf4 Rf8 20. Bb3 Be2 21. Rf2 Ng4 22. Qxf8+ Bxf8 23. Rxf8+ Kg7 24. Rg8+ Kf6 25. Rf8+ Ke5 26. Bf4+ Ke4 27. h3 Qc5+ 28. Kh1 Nf2+ 29. Kh2 Qxf8 30. Bg3 Ke3 31. Re1 Kd2 32. Ra1 Ne4 33. Bxc7 Qf2 34. Ba5+ Ke3 35. Be1 Qf4+ 36. Kg1 Ng3 37. Bf2+ Qxf2+ 38. Kh2 Nf1+ 39. Kh1 Bf3 0-1


[Site "https://www.chess.com"]

[Event "Titled Tuesday Blitz February 14 Early 2023"]
[White "Jimenez Garcia, Emmanuel"]
[Black "Cramling Bellon, Anna"]
[WhiteFideId "6504779"]
[BlackFideId "32009232"]
[WhiteElo "2410"]
[BlackElo "2043"]
[Result "1-0"]
[Round "07"]
[TimeControl "180+2"]
[Date "2023.02.15"]
[WhiteClock "0:00:08"]
[BlackClock "0:00:05"]

1. e4 c5 2. Nf3 e6 3. b3 Nc6 4. Bb2 d5 5. exd5 exd5 6. Bb5 Nf6 7. Qe2+ Be7 8. Bxf6 gxf6 9. Nc3 O-O 10. O-O Bf5 11. Bxc6 bxc6 12. Nh4 Bg6 13. Rfe1 Bd6 14. Qf3 Be5 15. Rac1 Bxc3 16. dxc3 Qd6 17. Nf5 Bxf5 18. Qxf5 Rfe8 19. Qg4+ Kh8 20. Qg3 Re5 21. Rxe5 fxe5 22. Re1 Re8 23. h4 Qf6 24. Qe3 d4 25. Qe4 Qg6 26. Qxg6 hxg6 27. Kf1 f5 28. Ke2 Kg7 29. Kd3 e4+ 30. Kc4 Re5 31. cxd4 cxd4 32. Kxd4 Rd5+ 33. Kc3 Kf6 34. Re2 Ke5 35. Rd2 Rc5+ 36. Kb2 f4 37. Kc1 e3 38. fxe3 fxe3 39. Rd3 Ke4 40. Kd1 Rf5 41. Ke1 Rf2 42. Rc3 Rxg2 43. Rxc6 Rg1+ 44. Ke2 Rg2+ 45. Ke1 Kf5 46. c4 Rxa2 47. c5 Rh2 48. Rc7 Rxh4 49. Rxa7 Ke4 50. Re7+ Kf3 51. Rf7+ Ke4 52. c6 Kd3 53. c7 Rh1+ 54. Rf1 Rxf1+ 55. Kxf1 Kd2 56. c8=Q e2+ 57. Kg2 e1=Q 58. Qd7+ Kc1 59. Qd5 Qd2+ 60. Qxd2+ Kxd2 61. b4 Kd3 62. b5 Ke4 63. b6 Kd5 64. b7 Kd6 65. b8=Q+ Kd7 66. Qf4 1-0


[Site "https://www.chess.com"]

[Event "Titled Tuesday Blitz February 14 Early 2023"]
[White "Nugumanov, Bakhtiyar"]
[Black "Kostiukov, Alexandr"]
[WhiteFideId "13701797"]
[BlackFideId "14108100"]
[WhiteElo "2316"]
[BlackElo "2271"]
[Result "0-1"]
[Round "07"]
[TimeControl "180+2"]
[Date "2023.02.15"]
[WhiteClock "0:00:20"]
[BlackClock "0:00:06"]

1. Nf3 g6 2. c4 Bg7 3. d4 d6 4. g3 e5 5. e4 exd4 6. Nxd4 Nc6 7. Be3 Nge7 8. Nc3 O-O 9. Bg2 Ne5 10. Qe2 N7c6 11. O-O Ng4 12. Nxc6 bxc6 13. Bd2 Rb8 14. b3 c5 15. Rad1 Ne5 16. Nd5 Nc6 17. Be3 Be6 18. f4 Nd4 19. Qf2 Bxd5 20. cxd5 Rb4 21. Bd2 Rb6 22. Bc3 Re8 23. Bxd4 cxd4 24. Rxd4 Bxd4 25. Qxd4 Qd7 26. e5 Qb5 27. Rc1 dxe5 28. fxe5 Qe2 29. Be4 Qh5 30. e6 fxe6 31. Rxc7 e5 32. Qc4 Qd1+ 33. Kg2 Qd4 34. Qc2 Rf8 35. Rxa7 Rbf6 36. Kh3 Qxa7 0-1


[Site "https://www.chess.com"]

[Event "Titled Tuesday Blitz February 14 Early 2023"]
[White "Sabar, Ethmane Daouda"]
[Black "Todorovic, Bojan"]
[WhiteFideId "19600097"]
[BlackFideId "917087"]
[WhiteElo "2040"]
[BlackElo "2195"]
[Result "0-1"]
[Round "07"]
[TimeControl "180+2"]
[Date "2023.02.15"]
[WhiteClock "0:00:25"]
[BlackClock "0:00:18"]

1. e4 g6 2. d4 Bg7 3. Nc3 d6 4. Be3 a6 5. a4 Nc6 6. Qd2 e5 7. Nge2 Nf6 8. f3 O-O 9. d5 Na5 10. Nc1 c5 11. Bh6 Nxe4 12. Nxe4 Qh4+ 13. g3 Qxh6 14. Qxh6 Bxh6 15. Nxd6 Bd7 16. Ne4 Bf5 17. Nxc5 Bxc2 18. b4 Rfc8 19. N1d3 Nb3 20. Nxb3 Bxb3 21. Nxe5 Re8 22. f4 f6 23. Bg2 fxe5 24. O-O exf4 25. gxf4 Rad8 26. d6 Rxd6 27. Bxb7 Bg7 28. Ra3 Bc4 29. Rc1 Bb2 30. Rac3 Bxc3 31. Rxc3 Rd2 32. Bg2 Re1+ 33. Bf1 Rxf1# 0-1


[Site "https://www.chess.com"]

[Event "Titled Tuesday Blitz February 14 Early 2023"]
[White "Kohler, Aran"]
[Black "Real_taiatai"]
[WhiteFideId "1002856"]
[WhiteElo "2010"]
[BlackElo "2349"]
[Result "0-1"]
[Round "07"]
[TimeControl "180+2"]
[Date "2023.02.15"]
[WhiteClock "0:00:44"]
[BlackClock "0:01:39"]

1. Nf3 Nf6 2. d4 g6 3. Bg5 Bg7 4. Nbd2 d6 5. e3 Nbd7 6. Bd3 O-O 7. c3 b6 8. h4 h5 9. Qb3 Bb7 10. O-O-O e6 11. e4 a6 12. e5 dxe5 13. dxe5 Nc5 14. Qc2 Nxd3+ 15. Kb1 Nxf2 16. exf6 Bxf6 17. Rhe1 Nxd1 18. Rxd1 Bxg5 19. hxg5 Qd5 20. c4 Qf5 21. Qxf5 exf5 22. Re1 Rfe8 23. Ne5 Re6 24. Ndf3 Rae8 25. Rd1 Rxe5 26. Nxe5 Rxe5 27. Rd7 Rc5 28. b3 a5 29. g3 f4 30. gxf4 h4 31. Kb2 h3 32. Rd3 h2 33. Rh3 h1=Q 0-1


[Site "https://www.chess.com"]

[Event "Titled Tuesday Blitz February 14 Early 2023"]
[White "Buscar, Michael"]
[Black "Torres Dominguez, David"]
[WhiteFideId "2603616"]
[BlackFideId "2220857"]
[WhiteElo "2041"]
[BlackElo "1994"]
[Result "0-1"]
[Round "07"]
[TimeControl "180+2"]
[Date "2023.02.15"]
[WhiteClock "0:00:52"]
[BlackClock "0:00:41"]

1. e4 Nc6 2. Nf3 e5 3. d4 exd4 4. Nxd4 Nf6 5. Nxc6 bxc6 6. e5 Qe7 7. Qe2 Nd5 8. c4 Ba6 9. b3 O-O-O 10. Ba3 d6 11. g3 Nb6 12. Bh3+ Kb8 13. O-O Qxe5 14. Qxe5 dxe5 15. Bxf8 Rhxf8 16. Nc3 f5 17. Rfe1 Rde8 18. Rad1 c5 19. Nd5 Bb7 20. Nxb6 axb6 21. Rd7 g5 22. Rxh7 g4 23. Bg2 e4 24. Rd1 Bc6 25. h3 gxh3 26. Bxh3 f4 27. Bd7 Rd8 28. Bg4 f3 29. Bd7 e3 30. fxe3 f2+ 31. Kf1 Bf3 32. Rc1 Be4 0-1


[Site "https://www.chess.com"]

[Event "Titled Tuesday Blitz February 14 Early 2023"]
[White "Larina, Maria"]
[Black "Matveeva, Olga"]
[WhiteFideId "24113182"]
[BlackFideId "24107018"]
[WhiteElo "1948"]
[BlackElo "2128"]
[Result "0-1"]
[Round "07"]
[TimeControl "180+2"]
[Date "2023.02.15"]
[WhiteClock "0:00:04"]
[BlackClock "0:00:49"]

1. e4 e6 2. b3 d5 3. exd5 exd5 4. Bb2 Nf6 5. Nf3 Be7 6. h3 O-O 7. Bd3 Re8 8. O-O c6 9. Re1 Nbd7 10. Bf1 Nf8 11. g3 Bf5 12. d3 Bc5 13. Nd4 Bg6 14. Nd2 Qb6 15. N2f3 Ne6 16. c3 Nxd4 17. cxd4 Bb4 18. Re5 Nd7 19. Rxe8+ Rxe8 20. Ne5 Nf8 21. a3 Bd6 22. b4 f6 23. Nf3 Ne6 24. Qd2 Qc7 25. Kh2 Bh5 26. Bg2 Nf4 27. Bf1 Bxf3 28. gxf4 Bxf4+ 0-1


[Site "https://www.chess.com"]